 Dungeon Crawl Stone Soup version 0.29.1-1-gd02db6906a (webtiles) character file.

Game seed: 7086628111361928222

5240 SSird the Fighter (level 10, -1/85 HPs)
             Began as a Gnoll Wanderer on Sept 20, 2022.
             Was a Priest of Makhleb.
             Slain by a death yak (7 damage)
             ... on level 7 of the Dungeon on Sept 29, 2022.
             The game lasted 00:20:48 (9143 turns).

SSird the Fighter (Gnoll Wanderer)                  Turns: 9143, Time: 00:20:49

Health: -1/85      AC: 14    Str: 18    XL:     10   Next: 62%
Magic:  18/18      EV: 14    Int: 14    God:    Makhleb [***...]
Gold:   396        SH:  6    Dex: 13    Spells: 20/20 levels left

rFire   . . .      SeeInvis .   a - +1 falchion (venom)
rCold   . . .      Faith    .   D - +0 buckler {AC+3}
rNeg    . . .      Spirit   .   E - +0 steam dragon scales
rPois   .          Reflect  .   l - +0 helmet
rElec   .          Harm     .   (no cloak)
rCorr   .          Rampage  .   A - +0 pair of gloves
Will    .....                   y - +1 pair of boots
Stlth   +++.......              (no amulet)
HPRegen 0.24/turn               q - +6 ring of intelligence
MPRegen 0.16/turn               (no ring)

@: no status effects
A: fangs 1, strong nose, distributed training
a: Renounce Religion, Minor Destruction, Lesser Servant of Makhleb


You were on level 7 of the Dungeon.
You worshipped Makhleb.
Makhleb was most pleased with you.
You visited 1 branch of the dungeon, and saw 8 of its levels.

You collected 396 gold pieces.

Inventory:

Hand Weapons
 a - a +1 falchion of venom (weapon)
 b - a +1 broad axe of electrocution
 d - a +1 scimitar of flaming
 r - a +1 falchion
Missiles
 p - a throwing net (quivered)
Armour
 l - a +0 helmet (worn)
 t - a +0 ring mail of poison resistance
 w - a +1 ring mail of fire resistance
 y - a +1 pair of boots (worn)
 A - a +0 pair of gloves (worn)
 D - a +0 buckler of protection (worn)
 E - +0 steam dragon scales (worn)
Jewellery
 q - a +6 ring of intelligence (left hand)
Wands
 e - a wand of light (1)
 k - a wand of flame (6)
 s - a wand of mindburst (4)
Scrolls
 f - a scroll of enchant weapon
 h - 4 scrolls of identify
 j - a scroll of enchant armour
 m - 3 scrolls of immolation
 u - a scroll of brand weapon {unknown}
 x - a scroll of torment
Potions
 g - 9 potions of curing
 i - a potion of berserk rage
 n - 3 potions of might
 o - 2 potions of brilliance
 z - 2 potions of lignification
 B - a potion of mutation {unknown}
 C - a potion of attraction {unknown}


   Skills:
 + Level 10.3 Fighting
 + Level 5.6 Short Blades
 + Level 7.3 Long Blades
 + Level 5.6 Axes
 + Level 5.6 Maces & Flails
 + Level 5.6 Polearms
 + Level 5.6 Staves
 + Level 5.6 Ranged Weapons
 + Level 5.6 Throwing
 + Level 5.6 Armour
 + Level 6.3 Dodging
 + Level 5.6 Stealth
 + Level 8.7 Shields
 + Level 5.6 Unarmed Combat
 + Level 5.6 Spellcasting
 + Level 4.6 Conjurations
 + Level 4.6 Hexes
 + Level 4.6 Summonings
 + Level 4.6 Necromancy
 + Level 4.6 Translocations
 + Level 4.6 Transmutations
 + Level 4.6 Fire Magic
 + Level 4.6 Ice Magic
 + Level 4.6 Air Magic
 + Level 4.6 Earth Magic
 + Level 4.6 Poison Magic
 + Level 6.2 Invocations
 + Level 5.6 Evocations


You had 20 spell levels left.
You didn't know any spells.
Your spell library contained the following spells:

 Spells                   Type           Power      Damage    Failure   Level
 Blink                    Tloc           34%        N/A       4%          2
 Static Discharge         Conj/Air       17%        3-6/arc   4%          2
 Sublimation of Blood     Necr           17%        N/A       4%          2
 Wereblood                Tmut           17%        N/A       4%          2
 Lesser Beckoning         Tloc           17%        N/A       9%          3
 Lightning Bolt           Conj/Air       8%         1d21      63%         5
 Manifold Assault         Tloc           17%        N/A       63%         5
 Summon Hydra             Summ           8%         N/A       100%        7
 Maxwell's Capacitive Co  Air            8%         ∞         100%        8


Dungeon Overview and Level Annotations

Branches:
Dungeon (8/15)             Temple (0/1) D:4
   Lair: D:8-11

Altars:
Ashenzari
Makhleb
Uskayaw
Zin

Shops:
D:1 :   D:7 *


Innate Abilities, Weirdness & Mutations

You have very sharp teeth.
Your uncanny sense of smell can sniff out nearby items.
Your experience applies equally to all skills.


Message History

The death yak attacks as you move away!
The death yak gores you but does no damage.
The death yak bellows!
You hit the death yak but do no damage.
The death yak looks as sick as possible!
The death yak is lightly wounded.
The death yak attacks as you move away! The death yak barely misses you.
The death yak attacks as you move away! The death yak closely misses you.
The death yak attacks as you move away! The death yak misses you.
The death yak attacks as you move away!
The death yak gores you but does no damage.
You hit the death yak.
The death yak looks as sick as possible!
The death yak is heavily wounded.
The death yak gores you!!
The death yak snorts and paws the ground.
There is a stone staircase leading up here.
The death yak gores you!
* * * LOW HITPOINT WARNING * * *
You climb upwards.
There is a stone staircase leading down here.
Unknown command.
You barely miss the death yak.
The death yak is severely wounded.
You block the death yak's attack. The death yak closely misses you.
You hit the death yak.
The death yak looks as sick as possible!
You bite the death yak, but do no damage.
The death yak is severely wounded.
You hit the death yak.
The death yak looks as sick as possible!
The death yak is almost dead.
The death yak gores you!
* * * LOW HITPOINT WARNING * * *
Unknown command.
You hit the death yak but do no damage.
You bite the death yak, but do no damage.
The death yak is almost dead.
The death yak gores you!
You die...

###...)#####......
#......<)#.##.....
#....#.)..........
##.##..###........
##......###.....##
##...>...##......##
#....##..#.........
#.Y..###...........
#.@..# ###....#....
###### #...#####.
#..## ##. #### #..
##. ##


You could see a death yak (extremely poisoned).

Vanquished Creatures
  Erica (D:8)
  A death yak (D:8)
  Pikel (D:6)
  Joseph (D:7)
  Maggie (D:8)
  Sigmund (D:4)
  Eustachio (D:4)
  2 steam dragons
  A water moccasin (D:6)
  An orc warrior (D:7)
  Duvessa (D:7)
  2 black bears (D:5)
  2 ice beasts
  2 sky beasts
  2 ogres (D:6)
  2 kobold brigands (D:8)
  A bullfrog (D:8)
  A gnoll sergeant (D:5)
  2 necrophages (D:6)
  6 scorpions
  Dowan (D:7)
  2 orc priests
  4 hounds
  A jelly (D:3)
  Crazy Yiuf (D:7)
  Terence (D:3)
  7 iguanas
  2 orc wizards
  Robin (D:2)
  3 gnolls (D:6)
  8 adders
  2 white imps (D:6)
  5 ufetubi
  A worm (D:3)
  A dart slug (D:3)
  26 orcs
  6 bats
  7 endoplasms
  4 giant cockroaches
  11 hobgoblins
  2 jackals (D:5)
  9 kobolds
  8 quokkas
  6 ball pythons
  3 frilled lizards
  12 goblins
  7 rats
  A bush (D:2)
174 creatures vanquished.

Vanquished Creatures (others)
  A kobold (D:8)
  A plant (D:2)
2 creatures vanquished.

Grand Total: 176 creatures vanquished

Notes
Turn   | Place    | Note
-------+----------+-------------------------------------------
     0 | D:1      | SSird the Gnoll Wanderer began the quest for the Orb.
     0 | D:1      | SSird set off with the following items: a +1 falchion, a +0
                  | buckler of protection, a scroll of blinking, a +0 leather
                  | armour.
     0 | D:1      | Reached XP level 1. HP: 26/26 MP: 1/1
   228 | D:1      | Reached XP level 2. HP: 33/33 MP: 2/2
   545 | D:1      | Found a faded altar of an unknown god.
   568 | D:1      | Reached XP level 3. HP: 38/38 MP: 3/3
   575 | D:1      | Prayed at the altar of an unknown god.
   575 | D:1      | Became a worshipper of Makhleb the Destroyer
   575 | D:1      | Reached * piety under Makhleb
   696 | D:1      | Found Peath's Book Shoppe.
   916 | D:2      | Reached skill level 1 in Invocations
  1084 | D:2      | Reached skill level 1 in Short Blades
  1084 | D:2      | Reached skill level 1 in Axes
  1084 | D:2      | Reached skill level 1 in Maces & Flails
  1084 | D:2      | Reached skill level 1 in Polearms
  1084 | D:2      | Reached skill level 1 in Staves
  1084 | D:2      | Reached skill level 1 in Ranged Weapons
  1084 | D:2      | Reached skill level 1 in Throwing
  1084 | D:2      | Reached skill level 1 in Armour
  1084 | D:2      | Reached skill level 1 in Stealth
  1084 | D:2      | Reached skill level 1 in Unarmed Combat
  1084 | D:2      | Reached skill level 1 in Spellcasting
  1084 | D:2      | Reached skill level 1 in Evocations
  1122 | D:2      | Noticed Robin
  1159 | D:2      | Reached XP level 4. HP: 24/45 MP: 5/5
  1172 | D:2      | Killed Robin
  1516 | D:2      | Reached skill level 1 in Conjurations
  1516 | D:2      | Reached skill level 1 in Hexes
  1516 | D:2      | Reached skill level 1 in Summonings
  1516 | D:2      | Reached skill level 1 in Necromancy
  1516 | D:2      | Reached skill level 1 in Translocations
  1516 | D:2      | Reached skill level 1 in Transmutations
  1516 | D:2      | Reached skill level 1 in Fire Magic
  1516 | D:2      | Reached skill level 1 in Ice Magic
  1516 | D:2      | Reached skill level 1 in Air Magic
  1516 | D:2      | Reached skill level 1 in Earth Magic
  1516 | D:2      | Reached skill level 1 in Poison Magic
  2183 | D:3      | Reached ** piety under Makhleb
  2303 | D:3      | Found a glowing silver altar of Zin.
  2304 | D:3      | Found a broken altar of Ashenzari.
  2436 | D:3      | Reached XP level 5. HP: 49/51 MP: 7/7
  2457 | D:3      | Noticed Terence
  2480 | D:3      | Killed Terence
  2893 | D:4      | Noticed Sigmund
  2902 | D:4      | Killed Sigmund
  2903 | D:4      | Reached skill level 5 in Long Blades
  2903 | D:4      | Reached XP level 6. HP: 50/57 MP: 7/9
  3142 | D:4      | Found a staircase to the Ecumenical Temple.
  3166 | D:4      | Noticed a sky beast
  3182 | D:4      | Killed a sky beast
  3183 | D:4      | Reached XP level 7. HP: 50/63 MP: 10/10
  3265 | D:4      | Noticed Eustachio
  3280 | D:4      | Killed Eustachio
  3369 | D:4      | Reached skill level 9 in Fighting
  3619 | D:5      | Entered Level 5 of the Dungeon
  3853 | D:5      | Reached XP level 8. HP: 70/71 MP: 12/12
  4059 | D:5      | Found a hide-covered altar of Uskayaw.
  5759 | D:6      | Reached XP level 9. HP: 46/77 MP: 13/15
  6024 | D:6      | Reached skill level 5 in Dodging
  6026 | D:6      | Reached *** piety under Makhleb
  6820 | D:7      | Noticed Joseph
  6933 | D:7      | Killed Joseph
  6934 | D:7      | Reached skill level 5 in Invocations
  7231 | D:7      | Noticed Duvessa
  7234 | D:7      | Noticed Dowan
  7308 | D:7      | Killed Duvessa
  7315 | D:7      | Killed Dowan
  7327 | D:7      | HP: 2/78 [something (9)]
  7563 | D:7      | Noticed Pikel
  7623 | D:6      | Killed Pikel
  7624 | D:6      | Reached skill level 10 in Fighting
  7624 | D:6      | Reached skill level 5 in Short Blades
  7624 | D:6      | Reached skill level 5 in Axes
  7624 | D:6      | Reached skill level 5 in Maces & Flails
  7624 | D:6      | Reached skill level 5 in Polearms
  7624 | D:6      | Reached skill level 5 in Staves
  7624 | D:6      | Reached skill level 5 in Ranged Weapons
  7624 | D:6      | Reached skill level 5 in Throwing
  7624 | D:6      | Reached skill level 5 in Armour
  7624 | D:6      | Reached skill level 5 in Stealth
  7624 | D:6      | Reached skill level 5 in Unarmed Combat
  7624 | D:6      | Reached skill level 5 in Spellcasting
  7624 | D:6      | Reached skill level 5 in Evocations
  7624 | D:6      | Reached XP level 10. HP: 29/85 MP: 17/17
  7915 | D:7      | Found Hiumpoz's General Store.
  8116 | D:7      | Found a runed translucent door.
  8117 | D:7      | Noticed Crazy Yiuf
  8261 | D:7      | Killed Crazy Yiuf
  8297 | D:8      | Noticed Maggie
  8374 | D:8      | Killed Maggie
  8565 | D:8      | Noticed Erica
  8585 | D:8      | Killed Erica
  8704 | D:8      | Noticed a death yak
  8757 | D:8      | Noticed a death yak
  8758 | D:8      | Noticed a death yak
  8776 | D:8      | Killed a death yak
  9143 | D:7      | Slain by a death yak

Illustrated notes

Levels and vault maps discovered:
D:1:      erik_arrival_triangle_large, layout_rooms, serial_shops,
          nicolae_shop_statue_plus, shapermc_ecumenical_altar_totnotflames,
          chequers_serial_rivers_micro_b, minmay_splitting_lines
D:2:      layout_basic, serial_forest, infiniplex_forest_lined_4_way,
          infiniplex_forest_clump_small, infiniplex_forest_pool,
          infiniplex_forest_clump_cross, infiniplex_forest_lined_2,
          infiniplex_forest_clump_curved, uniq_robin
D:3:      layout_basic, mainiacjoe_overflow_divided_tiny,
          minmay_stone_trees_small, uniq_terence
D:4:      layout_loops_ring, minmay_temple_entry_statues_pillars, uniq_sigmund,
          uniq_eustachio
D:5:      layout_loops_cross, mainiacjoe_overflow_concentric_impassable
D:6:      minmay_recursive_quarters, layout_layer_cave
D:7:      layout_cave_pools, serial_shops, nicolae_square_shop, uniq_pikel,
          uniq_duvessa, uniq_crazy_yiuf_cottage, uniq_joseph
D:8:      layout_basic, dpeg_lair_monsters, serial_shops, kennysheep_mini_moat,
          serial_rivers, chequers_serial_rivers_marsh,
          chequers_serial_rivers_small_b, chequers_serial_rivers_large_a,
          chequers_serial_rivers_micro_e, chequers_serial_rivers_large_b,
          chequers_serial_rivers_room_a, uniq_erica, uniq_maggie

Skill      XL: |  1  2  3  4  5  6  7  8  9 10 |
---------------+-------------------------------+-----
Invocations    | 1 2 3 4 5 6 |  6.2
Short Blades   | 1 2 3 4 5 |  5.6
Axes           | 1 2 3 4 5 |  5.6
Maces & Flails | 1 2 3 4 5 |  5.6
Polearms       | 1 2 3 4 5 |  5.6
Staves         | 1 2 3 4 5 |  5.6
Ranged Weapons | 1 2 3 4 5 |  5.6
Throwing       | 1 2 3 4 5 |  5.6
Armour         | 1 2 3 4 5 |  5.6
Stealth        | 1 2 3 4 5 |  5.6
Unarmed Combat | 1 2 3 4 5 |  5.6
Spellcasting   | 1 2 3 4 5 |  5.6
Evocations     | 1 2 3 4 5 |  5.6
Conjurations   | 1 2 3 4 |  4.6
Hexes          | 1 2 3 4 |  4.6
Summonings     | 1 2 3 4 |  4.6
Necromancy     | 1 2 3 4 |  4.6
Translocations | 1 2 3 4 |  4.6
Transmutations | 1 2 3 4 |  4.6
Fire Magic     | 1 2 3 4 |  4.6
Ice Magic      | 1 2 3 4 |  4.6
Air Magic      | 1 2 3 4 |  4.6
Earth Magic    | 1 2 3 4 |  4.6
Poison Magic   | 1 2 3 4 |  4.6
Dodging        | 3 4 5 6 |  6.3
Long Blades    | 5 6 7 |  7.3
Shields        | 7 8 |  8.7
Fighting       | 9 10 | 10.3

Action                   |  1- 3 |  4- 6 |  7- 9 | 10-12 || total
-------------------------+-------+-------+-------+-------++-------
Melee: Falchion          |   119 |   260 |   417 |    35 ||   831
       Bite              |     9 |    51 |    52 |    10 ||   122
       Broad axe         |       |       |       |    27 ||    27
Invok: Lesser Servant of |       |       |       |     2 ||     2
  Use: Scroll            |       |       |    10 |     1 ||    11
       Potion            |       |       |     8 |       ||     8
 Stab: Sleeping          |     1 |     1 |       |     1 ||     3
       Distracted        |       |       |       |     1 ||     1
Armor: Leather armour    |    39 |    50 |     4 |       ||    93
       Ring mail         |       |       |   177 |     1 ||   178
       Steam dragon scal |       |       |       |    21 ||    21
Dodge: Dodged            |    66 |    77 |   223 |    43 ||   409
Block: Buckler           |    45 |    31 |   125 |    20 ||   221
